AoeStats
← TheQuietRiot

Enclosed

506825103Analyzed
1v1 RM · 16d ago on Sep 15, 2026· 62m 11s· 2 players
Game mode
Random Map
Map size
Tiny (2 player)
Population
200
Speed
Normal
Resources
Standard
Victory
Conquest
Starting age
Dark Age
Ending age
Imperial Age
RankedLock teamsTeams togetherTeam positionsShared explorationLock speedFull tech treeHidden civsTurbo modeCheats
Victory
Defeat
🇬🇧 Teutons · United Kingdom
965
+18
🇸🇪 Japanese · Sweden
1013
-18
TheQuietRiot
10:39 Feudal Age
11:17 Double-Bit Axe
12:44 Loom
16:35 Fletching
17:39 Wheelbarrow
20:24 Castle Age
25:19 Forging
25:25 Bow Saw
26:48 Wheelbarrow
30:15 Horse Collar
31:33 Town Watch
32:32 Bloodlines
32:38 Heavy Plow
36:56 Imperial Age
34:51 Scale Barding Armor
35:25 Ballistics
35:08 Gold Mining
35:14 Stone Mining
36:40 Iron Casting
36:06 Scale Mail Armor
35:42 Elite Skirmisher
35:46 Crossbowman
36:29 Squires
39:13 Chemistry
38:18 Pikeman
41:19 Cavalier
41:39 Halberdier
42:41 Gambesons
44:30 Scale Mail Armor
45:31 Blast Furnace
44:36 Padded Archer Armor
51:31 Hand Cart
54:32 Two-Man Saw
J.D.Rehn
10:41 Loom
13:44 Feudal Age
15:02 Wheelbarrow
14:14 Double-Bit Axe
13:59 Man-at-Arms
15:02 Horse Collar
17:47 Scale Mail Armor
23:42 Castle Age
23:20 Forging
23:06 Gold Mining
25:51 Hand Cart
25:48 Bow Saw
25:43 Heavy Plow
26:20 Town Watch
26:28 Long Swordsman
28:14 Stone Mining
30:22 Chain Mail Armor
31:08 Pikeman
36:12 Iron Casting
40:21 Imperial Age
40:46 Arson
41:02 Squires
40:38 Elite Samurai
40:42 Capped Ram
41:59 Plate Mail Armor
43:58 Two-Man Saw
43:29 Conscription
44:11 Blast Furnace
50:14 Onager
52:43 Masonry
53:50 Elite Skirmisher
54:32 Padded Archer Armor
54:23 Fletching
55:24 Gold Shaft Mining
54:58 Siege Engineers
55:13 Ballistics
55:54 Chemistry
56:53 Leather Archer Armor
56:33 Bodkin Arrow
Connection lost

Rejoining the realm…

Still unreachable

The connection could not be restored.

Session expired

The server has moved on; the page needs a fresh start.